 Dungeon Crawl Stone Soup version 0.29-a0-321-gf1c400731a (webtiles) character file.

Game seed: 1965611439951538769

2550 chopper the Blocker (level 9, -4/74 HPs)
             Began as a Gnoll Fighter on Apr 4, 2022.
             Was an Initiate of Elyvilon.
             Slain by Joseph
             ... wielding a +0 quarterstaff
              (7 damage)
             ... on level 7 of the Dungeon.
             The game lasted 01:09:45 (10535 turns).

chopper the Blocker (Gnoll Fighter)                Turns: 10535, Time: 01:09:45

Health: -4/74      AC: 11    Str: 20    XL:     9   Next: 56%
Magic:  0/15       EV: 16    Int:  8    God:    Elyvilon [......]
Gold:   304        SH:  5    Dex: 11    Spells: 16/16 levels left

rFire   . . .      SeeInvis .   D - +2 mace (vorpal)
rCold   + . .      Faith    .   c - +0 buckler
rNeg    . . .      Spirit   +   T - +2 ring mail {Will+}
rPois   .          Reflect  .   (no helmet)
rElec   .          Harm     .   (no cloak)
rCorr   .          Rampage  .   R - +0 pair of gloves
Will    +....                   B - +0 pair of boots
Stlth   ++........              I - amulet of guardian spirit
HPRegen 0.22/turn               g - +4 ring of evasion
MPRegen 0.14/turn               P - ring of protection from cold

@: about to teleport, hasted, very quick
A: fangs 1, strong nose, distributed training
a: Renounce Religion


You were on level 7 of the Dungeon.
You worshipped Elyvilon.
Elyvilon was noncommittal.
You visited 2 branches of the dungeon, and saw 8 of its levels.

You collected 304 gold pieces.

Inventory:

Hand Weapons
 a - a +0 war axe
 j - a +1 dagger of flaming
 o - a +1 dagger of speed
 u - a +2 spear of venom
 A - a +0 mace of protection
 D - a +2 vorpal mace (weapon)
 N - a +3 hand axe
 S - a +1 short sword of holy wrath
Missiles
 E - 4 boomerangs (quivered)
Armour
 b - a +0 scale mail
 c - a +0 buckler (worn)
 r - a +3 leather armour
 v - the +1 robe of Chimes {Will- Regen+ MP+9 Dex+3}
   (You found it on level 2 of the Dungeon)

   Dex:       It affects your dexterity (+3).
   MP:        It affects your magic capacity (+9).
   Regen:     It increases your rate of health regeneration.
   Will:      It decreases your willpower.
 B - a +0 pair of boots (worn)
 L - a +0 chain mail
 M - an orb of light
 R - a +0 pair of gloves (worn)
 T - a +2 ring mail of willpower (worn)
Magical Staves
 w - a staff of air
Jewellery
 g - a +4 ring of evasion (left hand)
 I - an amulet of guardian spirit (around neck)
 P - a ring of protection from cold (right hand)
Wands
 k - a wand of paralysis (3)
 C - a wand of acid (4)
Scrolls
 f - 3 scrolls of holy word
 m - a scroll of magic mapping
 n - 3 scrolls of noise
 s - a scroll of brand weapon {unknown}
 t - 3 scrolls of fog
 y - a scroll of acquirement {unknown}
 z - a scroll of fear {unknown}
 F - a scroll of enchant weapon {unknown}
 G - 3 scrolls of blinking {unknown}
 K - a scroll of vulnerability {unknown}
Potions
 d - a potion of might
 h - a potion of brilliance {unknown}
 i - 4 potions of curing
 l - a potion of mutation
 p - 2 potions of lignification {unknown}
 q - 2 potions of ambrosia
 x - 2 potions of cancellation {unknown}
 H - a potion of haste
 J - a potion of resistance {unknown}
 O - a potion of attraction {unknown}
 Q - a potion of flight {unknown}


   Skills:
 + Level 8.0 Fighting
 + Level 4.3 Short Blades
 + Level 4.3 Long Blades
 + Level 6.4 Axes
 + Level 4.3 Maces & Flails
 + Level 4.3 Polearms
 + Level 4.3 Staves
 + Level 4.3 Slings
 + Level 4.3 Bows
 + Level 4.3 Crossbows
 + Level 4.3 Throwing
 + Level 8.0 Armour
 + Level 4.3 Dodging
 + Level 4.3 Stealth
 + Level 8.0 Shields
 + Level 4.3 Unarmed Combat
 + Level 4.3 Spellcasting
 + Level 3.6 Conjurations
 + Level 3.6 Hexes
 + Level 3.6 Summonings
 + Level 3.6 Necromancy
 + Level 3.6 Translocations
 + Level 3.6 Transmutations
 + Level 3.6 Fire Magic
 + Level 3.6 Ice Magic
 + Level 3.6 Air Magic
 + Level 3.6 Earth Magic
 + Level 3.6 Poison Magic
 + Level 4.8 Invocations
 + Level 4.3 Evocations


You had 16 spell levels left.
You didn't know any spells.
Your spell library contained the following spells:

 Spells                   Type           Power      Damage    Failure   Level
 Shock                    Conj/Air       28%        1d4       12%         1
 Sting                    Tmut/Pois      28%        1d4       12%         1
 Poisonous Vapours        Pois/Air       14%        N/A       19%         2
 Call Canine Familiar     Summ           7%         N/A       36%         3
 Gell's Gravitas          Tloc           7%         N/A       36%         3
 Lesser Beckoning         Tloc           7%         N/A       36%         3
 Ozocubu's Armour         Ice            7%         N/A       36%         3
 Swiftness                Air            7%         N/A       36%         3
 Teleport Other           Tloc           7%         N/A       36%         3
 Airstrike                Air            3%         N/A       77%         4
 Olgreb's Toxic Radiance  Pois           7%         N/A       77%         4
 Summon Ice Beast         Ice/Summ       7%         N/A       77%         4
 Metabolic Englaciation   Hex/Ice        3%         N/A       98%         5
 Simulacrum               Ice/Necr       3%         N/A       100%        6
 Summon Cactus Giant      Summ           3%         N/A       100%        6
 Spellforged Servitor     Conj/Summ      3%         N/A       100%        7


Dungeon Overview and Level Annotations

Branches:
Dungeon (7/15)             Temple (1/1) D:7

Altars:
Ashenzari
Cheibriados
Dithmenos
Elyvilon
Fedhas
Gozag
Hepliaklqana
Kikubaaqudgha
Nemelex Xobeh
Okawaru
Qazlal
Ru
Trog
Uskayaw
Vehumet
Wu Jian
Xom
Zin

Shops:
D:3 *

Annotations:
D:5 1 runed translucent door, Crazy Yiuf
D:7 Joseph


Innate Abilities, Weirdness & Mutations

You have very sharp teeth.
Your uncanny sense of smell can sniff out nearby items.
Your experience applies equally to all skills.


Message History

Joseph is lightly wounded.
Joseph hits you with a +0 quarterstaff! x2
* * * LOW HITPOINT WARNING * * *
Joseph hits you with a +0 quarterstaff.
* * * LOW HITPOINT WARNING * * *
You start putting on your amulet.
You continue putting on your amulet of guardian spirit.
Joseph hits you with a +0 quarterstaff.
Keep equipping yourself?
Uppercase [Y]es or [N]o only, please.
Keep equipping yourself?
* * * LOW HITPOINT WARNING * * *
You continue putting on your amulet of guardian spirit.
Joseph hits you with a +0 quarterstaff! Elyvilon protects you from harm!
You continue putting on your amulet of guardian spirit.
Joseph misses you.
You continue putting on your amulet of guardian spirit.
Joseph barely misses you.
You continue putting on your amulet of guardian spirit.
Joseph hits you but does no damage.
You finish putting on your amulet of guardian spirit.
You feel your power drawn to a protective spirit.
I - an amulet of guardian spirit (around neck)
Aiming: Paralyse
Press: ? - help, Shift-Dir - straight line, f - Joseph
Aim: Joseph, wielding a +0 quarterstaff and wearing a +0 leather armour (lightly wounded, chance to affect: 42%) Joseph resists with some effort.
You block Joseph's attack.
Aiming: Paralyse
Press: ? - help, Shift-Dir - straight line, f/p - Joseph
Aim: Joseph, wielding a +0 quarterstaff and wearing a +0 leather armour (lightly wounded, chance to affect: 42%) Joseph resists with some effort.
Joseph hits you with a +0 quarterstaff.
As you read the scroll of teleportation, it crumbles to dust.
You feel strangely unstable. Joseph hits you with a +0 quarterstaff!
* * * LOW HITPOINT WARNING * * *
Unknown command.
You feel yourself speed up. Joseph says, "I'm happy to see you.
And I'll be happy to kill you." Joseph hits you with a +0 quarterstaff!
You die...

#.# #. #.# #. #.# #.###.# ##
##'## #.....##.# ∆#### #...##
#......# .... .....##
####.##### ##### ......##
##......# ..# ##
.......####...#.#.######....#
#.
.......'..........(.(((...@..
+.
.......####.....@...####....#
#. ....>.## ##....#@### .##
## .....## ##..##.# # #...##
#..#### ##'## #....# #.#
##.### #.# #.# ##.##
########.# ####
#...###........# ....


You could see Joseph.

Vanquished Creatures
  Maggie (D:7)
  Grinder (D:5)
  A steam dragon (D:7)
  Menkaure (D:4)
  A black bear (D:7)
  A sky beast (D:4)
  An ice beast (D:6)
  A centaur (D:7)
  An ogre (D:4)
  A phantom (D:4)
  A kobold brigand (D:7)
  A scorpion (D:5)
  3 wights
  5 howler monkeys
  7 orc priests
  2 gnoll shamans
  5 hounds
  4 iguanas
  3 orc wizards
  7 gnolls
  3 adders
  2 ufetubi
  2 worms (D:2)
  3 dart slugs (D:1)
  24 orcs
  5 ball pythons
  3 endoplasms
  A giant cockroach (D:3)
  10 goblins
  7 hobgoblins
  13 jackals
  9 kobolds
  2 quokkas
  6 bats
  2 frilled lizards (D:1)
  6 rats
146 creatures vanquished.

Vanquished Creatures (others)
  A fungus (D:5)
1 creature vanquished.

Grand Total: 147 creatures vanquished

Notes
Turn   | Place    | Note
-------+----------+-------------------------------------------
     0 | D:1      | chopper the Gnoll Fighter began the quest for the Orb.
     0 | D:1      | Reached XP level 1. HP: 23/23 MP: 1/1
   239 | D:1      | Reached XP level 2. HP: 29/29 MP: 2/2
   371 | D:1      | Reached XP level 3. HP: 27/35 MP: 3/3
   471 | D:1      | Reached skill level 1 in Invocations
   634 | D:1      | Reached skill level 1 in Short Blades
   634 | D:1      | Reached skill level 1 in Long Blades
   634 | D:1      | Reached skill level 1 in Maces & Flails
   634 | D:1      | Reached skill level 1 in Polearms
   634 | D:1      | Reached skill level 1 in Staves
   634 | D:1      | Reached skill level 1 in Slings
   634 | D:1      | Reached skill level 1 in Bows
   634 | D:1      | Reached skill level 1 in Crossbows
   634 | D:1      | Reached skill level 1 in Throwing
   634 | D:1      | Reached skill level 1 in Dodging
   634 | D:1      | Reached skill level 1 in Stealth
   634 | D:1      | Reached skill level 1 in Unarmed Combat
   634 | D:1      | Reached skill level 1 in Spellcasting
   634 | D:1      | Reached skill level 1 in Evocations
   972 | D:2      | Reached XP level 4. HP: 41/41 MP: 5/5
  1028 | D:2      | Found a snail-covered altar of Cheibriados.
  1426 | D:2      | Got the Handbook of Summoning
  1828 | D:2      | Reached skill level 1 in Conjurations
  1828 | D:2      | Reached skill level 1 in Hexes
  1828 | D:2      | Reached skill level 1 in Summonings
  1828 | D:2      | Reached skill level 1 in Necromancy
  1828 | D:2      | Reached skill level 1 in Translocations
  1828 | D:2      | Reached skill level 1 in Transmutations
  1828 | D:2      | Reached skill level 1 in Fire Magic
  1828 | D:2      | Reached skill level 1 in Ice Magic
  1828 | D:2      | Reached skill level 1 in Air Magic
  1828 | D:2      | Reached skill level 1 in Earth Magic
  1828 | D:2      | Reached skill level 1 in Poison Magic
  2051 | D:2      | Identified the +1 robe of Chimes {Will- Regen+ MP+9 Dex+3}
  2409 | D:3      | Found Zin's Purification Station.
  2533 | D:3      | Found a glowing silver altar of Zin.
  2734 | D:3      | Found a faded altar of an unknown god.
  2884 | D:3      | Found a snail-covered altar of Cheibriados.
  3933 | D:4      | Reached XP level 5. HP: 41/47 MP: 5/7
  4158 | D:4      | Noticed an ogre
  4169 | D:4      | Killed an ogre
  4170 | D:4      | Reached XP level 6. HP: 53/53 MP: 8/8
  4202 | D:4      | Found an iron altar of Okawaru.
  4363 | D:4      | Found a bloodstained altar of Trog.
  4431 | D:4      | Found a hide-covered altar of Uskayaw.
  4518 | D:4      | Reached skill level 5 in Axes
  4518 | D:4      | Noticed a sky beast
  4540 | D:4      | Killed a sky beast
  4777 | D:4      | Reached XP level 7. HP: 37/60 MP: 10/10
  5735 | D:5      | Entered Level 5 of the Dungeon
  5803 | D:5      | Found a shadowy altar of Dithmenos.
  5953 | D:5      | Found a sacrificial altar of Ru.
  6016 | D:5      | Noticed Menkaure
  6558 | D:4      | Killed Menkaure
  6559 | D:4      | Reached XP level 8. HP: 56/67 MP: 12/12
  6841 | D:5      | Noticed Grinder
  6841 | D:5      | Paralysed by Grinder for 5 turns
  6862 | D:5      | Killed Grinder
  7133 | D:5      | Found a runed translucent door.
  7134 | D:5      | Noticed Crazy Yiuf
  7817 | D:6      | You fall into a shaft and drop 1 floor!
  7908 | D:7      | Reached XP level 9. HP: 71/72 MP: 14/14
  8200 | D:7      | Noticed Maggie
  9059 | D:7      | Found a staircase to the Ecumenical Temple.
  9068 | Temple   | Entered the Ecumenical Temple
  9144 | Temple   | Became a worshipper of Elyvilon the Healer
  9204 | D:7      | Found a stormy altar of Qazlal.
  9748 | D:7      | Found a radiant altar of Vehumet.
 10063 | D:7      | Noticed Joseph
 10189 | D:7      | Killed Maggie
 10528 | D:7      | Elyvilon protects you from harm!
 10534 | D:7      | HP: 3/74 [Joseph/+0 quarterstaff (6)]
 10535 | D:7      | Slain by Joseph

Illustrated notes

Levels and vault maps discovered:
D:1:      kennysheep_arrival_seaside, layout_rooms
D:2:      layout_loops_corners, basic_altar, minmay_liquid_box,
          minmay_fractal_squares_gapless_5
D:3:      layout_basic, lemuel_coloured_pillars_altar, zin_purify,
          serial_co_window_serial, co_window_of_opportunity_a,
          co_window_of_opportunity_a, co_window_corner_a,
          co_window_of_opportunity_a, co_window_corner_a, co_window_2corner,
          co_window_cross_2, co_window_corner_ca, co_window_corner_b,
          co_window_broadway_b, co_window_of_opportunity_b, co_window_paths_d,
          co_window_paths_e, ebering_ecumenical_altar_sacrificial, st_stairs_7
D:4:      layout_gridville, amcnicky_altar_gilded, lemuel_doored_altar,
          nicolae_uskayaw_dance_hall
D:5:      layout_rooms, mainiacjoe_overflow_24_doors, mainiacjoe_overflow_paths,
          uniq_crazy_yiuf_cottage, uniq_menkaure, uniq_grinder
D:6:      layout_gridville, mainiacjoe_overflow_tiny_flanked
D:7:      layout_loops_corners, nicolae_qazlal_style_of_elements,
          marbit_many_paths, kennysheep_mini, temple_hall, serial_shops,
          nicolae_shop_trees, dk_noncrumbling_4, minmay_small_thing,
          uniq_maggie, uniq_joseph
Temple:   compressed_dpeg_triangle_lava_temple

Skill      XL: |  1  2  3  4  5  6  7  8  9 |
---------------+----------------------------+-----
Invocations    | 1 2 3 4 |  4.8
Short Blades   | 1 2 3 4 |  4.3
Long Blades    | 1 2 3 4 |  4.3
Maces & Flails | 1 2 3 4 |  4.3
Polearms       | 1 2 3 4 |  4.3
Staves         | 1 2 3 4 |  4.3
Slings         | 1 2 3 4 |  4.3
Bows           | 1 2 3 4 |  4.3
Crossbows      | 1 2 3 4 |  4.3
Throwing       | 1 2 3 4 |  4.3
Dodging        | 1 2 3 4 |  4.3
Stealth        | 1 2 3 4 |  4.3
Unarmed Combat | 1 2 3 4 |  4.3
Spellcasting   | 1 2 3 4 |  4.3
Evocations     | 1 2 3 4 |  4.3
Conjurations   | 1 2 3 |  3.6
Hexes          | 1 2 3 |  3.6
Summonings     | 1 2 3 |  3.6
Necromancy     | 1 2 3 |  3.6
Translocations | 1 2 3 |  3.6
Transmutations | 1 2 3 |  3.6
Fire Magic     | 1 2 3 |  3.6
Ice Magic      | 1 2 3 |  3.6
Air Magic      | 1 2 3 |  3.6
Earth Magic    | 1 2 3 |  3.6
Poison Magic   | 1 2 3 |  3.6
Axes           | 5 6 |  6.4
Fighting       | 7 8 |  8.0
Armour         | 7 8 |  8.0
Shields        | 7 8 |  8.0

Action                   |  1- 3 |  4- 6 |  7- 9 || total
-------------------------+-------+-------+-------++-------
Melee: War axe           |    74 |   151 |   179 ||   404
       Bite              |     7 |    18 |    28 ||    53
       Mace              |       |    45 |    85 ||   130
Throw: Javelin           |       |    20 |    47 ||    67
       Boomerang         |       |       |    31 ||    31
       Throwing net      |       |       |     3 ||     3
       Dart              |       |       |     1 ||     1
Evoke: Wand              |       |       |    11 ||    11
  Use: Scroll            |       |     7 |     8 ||    15
       Potion            |       |       |     4 ||     4
 Stab: Held in net/web   |       |       |     1 ||     1
Armor: Scale mail        |    69 |    24 |       ||    93
       Leather armour    |       |    46 |    82 ||   128
       Ring mail         |       |       |     8 ||     8
Dodge: Dodged            |   103 |   124 |   197 ||   424
Block: Buckler           |    46 |    46 |    91 ||   183

Table legend: (Time is in decaauts)
 A = Elapsed time spent in this place.
 B = Non-inter-level travel time spent in this place.
 C = Inter-level travel time spent in this place.
 D = Time resting spent in this place.
 E = Time spent auto-exploring this place.
 F = Levels seen in this place.
 G = Mean time per level.
                   A        B        C        D        E       F      G
               +--------+--------+--------+--------+--------+-----+--------+
         Total |  10716 |  10716 |      0 |   2838 |      0 |   8 | 1339.5 |
       Dungeon |  10617 |  10617 |      0 |   2838 |      0 |   7 | 1516.7 |
        Temple |     98 |     98 |      0 |      0 |      0 |   1 |   98.0 |
               +--------+--------+--------+--------+--------+-----+--------+

Top non-repeatable levels by time:
     D:7: 2655 daAuts
     D:4: 2289 daAuts
     D:3: 1847 daAuts
     D:2: 1423 daAuts
     D:5: 1087 daAuts
     D:1: 870 daAuts
     D:6: 445 daAuts
  Temple: 98 daAuts
